 Dungeon Crawl Stone Soup version 0.26.1-11-gd32895ea62 (webtiles) character file.

Game seed: 7512977352626350533

89 raph the Chopper (level 4, 0/39 HPs)
             Began as a Hill Orc Fighter on Apr 20, 2021.
             Splashed by an orc's acid (14 damage)
             ... on level 3 of the Dungeon.
             The game lasted 00:03:08 (2614 turns).

raph the Chopper (Hill Orc Fighter)                 Turns: 2614, Time: 00:03:09

Health: 0/39       AC:  2    Str: 18    XL:     4   Next: 55%
Magic:  4/4        EV:  7    Int:  8    God:
Gold:   99         SH:  9    Dex: 11    Spells: 3/3 levels left

rFire    . . .     SeeInvis .   a - +0 war axe
rCold    . . .     Faith    .   c - +0 kite shield
rNeg     . . .     Spirit   .   b - +0 scale mail
rPois    .         Reflect  .   (no helmet)
rElec    .         Harm     .   (no cloak)
rCorr    .         Rampage  .   (no gloves)
Will     .....                  (no boots)
Stlth    ..........             g - amulet of the acrobat
HPRegen  0.13/turn              (no ring)
MPRegen  0.09/turn              (no ring)

@: corroded
A: no striking features
a: no special abilities


You were on level 3 of the Dungeon.
You visited 1 branch of the dungeon, and saw 3 of its levels.

You collected 99 gold pieces.

Inventory:

Hand Weapons
 a - a +0 war axe (weapon)
Armour
 b - a +0 scale mail (worn)
 c - a +0 kite shield (worn)
Jewellery
 g - an amulet of the acrobat (around neck)
Scrolls
 i - a scroll of teleportation
Potions
 d - a potion of might
 e - a potion of flight
 f - a potion of heal wounds {unknown}
 h - a potion of curing
 k - a potion of haste {unknown}


   Skills:
 - Level 3.6 Fighting
 + Level 6.2 Axes
 - Level 3.2 Armour
 - Level 3.2 Shields


You had 3 spell levels left.
You didn't know any spells.
Your spell library was empty.

Dungeon Overview and Level Annotations

Branches:
Dungeon (3/15)

Altars:
Ashenzari
Elyvilon
Hepliaklqana
Kikubaaqudgha
Makhleb
Qazlal
Uskayaw
Wu Jian

Annotations:
D:2 Sigmund


Message History

You slash the orc!
You kill the orc!
You slash the orc!
You kill the orc!
The centaur shoots an arrow.
The arrow misses you. The orc completely misses you. The orc misses you.
Found a broken altar of Ashenzari.
Things that are here:
5 boomerangs; a scroll of teleportation You slash the orc!
You kill the orc!
You barely miss the orc.
An orc comes into view.
It is wielding a +0 short sword and wearing a +2 leather armour of willpower.
The orc hits you but does no damage.
The centaur shoots an arrow.
The arrow barely misses you.
You hit the orc.
The orc is lightly wounded.
The centaur shoots an arrow.
You block the arrow.
The orc zaps a wand.
The bolt of acid hits you! The acid corrodes you!
You are splashed with acid!
You die...

#.......# ..........#
##########...##
..............#
######....##....#
#.........##....#
.###....(##....#
#.#(....##....#
#.@)....##....#
#).o_.........#
...c..._.......< .
#.............. ..
.......⌠.._..... ...
...[.............
..#####...#.o..._.....
#........#..._.....
#....†......


You could see a centaur and 2 orcs.

Vanquished Creatures
  2 adders (D:2)
  An ooze (D:1)
  A worm (D:2)
  A dart slug (D:2)
  A leopard gecko (D:2)
  3 orcs (D:3)
  6 bats
  2 hobgoblins
  8 jackals
  4 kobolds
  A quokka (D:2)
  2 frilled lizards
  11 goblins
  A leopard gecko skeleton (D:2)
  11 rats
55 creatures vanquished.

Notes
Turn   | Place    | Note
-------+----------+-------------------------------------------
     0 | D:1      | raph the Hill Orc Fighter began the quest for the Orb.
     0 | D:1      | Reached XP level 1. HP: 19/19 MP: 1/1
    69 | D:1      | Reached skill level 3 in Axes
   260 | D:1      | Reached XP level 2. HP: 24/26 MP: 2/2
   379 | D:1      | Reached skill level 4 in Axes
   513 | D:1      | Reached XP level 3. HP: 31/31 MP: 3/3
  1526 | D:2      | Noticed Sigmund
  1572 | D:2      | Reached skill level 5 in Axes
  1751 | D:2      | Reached XP level 4. HP: 24/39 MP: 4/4
  2238 | D:3      | Found a hazy altar of Hepliaklqana.
  2240 | D:3      | Noticed a centaur
  2418 | D:2      | Reached skill level 6 in Axes
  2590 | D:3      | Found a white marble altar of Elyvilon.
  2602 | D:3      | Found a hide-covered altar of Uskayaw.
  2602 | D:3      | Found an ancient bone altar of Kikubaaqudgha.
  2606 | D:3      | Found an ornate altar of the Wu Jian Council.
  2608 | D:3      | Found a stormy altar of Qazlal.
  2608 | D:3      | Found a burning altar of Makhleb.
  2612 | D:3      | Found a broken altar of Ashenzari.
  2614 | D:3      | Splashed by an orc's acid

Illustrated notes

Levels and vault maps discovered:
D:1:      dpeg_arrival_subterranean_lakeside_camping, layout_loops_ring,
          serial_co_window_serial, co_window_paths_b, co_window_paths_b,
          co_window_paths_b, co_window_paths_b, co_window_paths_a,
          co_window_2corner, co_window_broadway_b, co_window_2corner,
          co_window_of_opportunity_c, co_window_paths_c, co_window_cross_2,
          co_window_paths_d, co_window_4corner_b, glass_columns_c,
          minmay_pentomino_r4
D:2:      lemuel_upstairs_altar, layout_basic, uniq_sigmund
D:3:      layout_basic, vehumet_crystals, grunt_temple_overflow_open,
          elyvilon_altar_5

Skill      XL: |  1  2  3  4 |
---------------+-------------+-----
Axes           | 3 4 5 6 |  6.2
Fighting       | |  3.6
Armour         | |  3.2
Shields        | |  3.2

Action                   |  1- 3 |  4- 6 || total
-------------------------+-------+-------++-------
Melee: War axe           |    79 |    59 ||   138
  Use: Scroll            |     4 |     2 ||     6
Armor: Scale mail        |    26 |    23 ||    49
Dodge: Dodged            |    24 |    34 ||    58
Block: Kite shield       |    45 |    32 ||    77
